 Dungeon Crawl Stone Soup version 0.25.0-9-g26727b6 (webtiles) character file.

Game seed: 15551118545139106879

199 Helmschank the Gusty (level 5, -14/32 HPs)
             Began as a Tengu Air Elementalist on June 19, 2020.
             Demolished by an ogre
             ... wielding a +0 giant spiked club
              (32 damage)
             ... on level 4 of the Dungeon.
             The game lasted 00:15:48 (4569 turns).

Helmschank the Gusty (Tengu Air Elementalist)       Turns: 4569, Time: 00:15:50

Health: -14/32     AC:  3    Str:  9    XL:     5   Next: 77%
Magic:  4/9        EV: 15    Int: 15    God:
Gold:   191        SH:  0    Dex: 15    Spells: 5/8 levels left

rFire    . . .     SeeInvis .   a - +2 dagger (venom)
rCold    . . .     Gourm    .   (no shield)
rNeg     . . .     Faith    .   s - +0 leather armour
rPois    .         Spirit   .   (helmet restricted)
rElec    .         Reflect  .   (no cloak)
rCorr    +         Harm     .   (no gloves)
MR       .....                  (boots unavailable)
Stlth    ++........             (no amulet)
HPRegen  0.10/turn              l - ring of resist corrosion
MPRegen  0.11/turn              (no ring)

@: flying quickly and evasively, quick
A: beak, talons 3, able to fly
a: Stop Flying


You were on level 4 of the Dungeon.
You were not hungry.

You visited 1 branch of the dungeon, and saw 4 of its levels.

You collected 191 gold pieces.

Inventory:

Hand Weapons
 a - a +2 dagger of venom (weapon)
 b - a +0 short sword
Missiles
 O - 75 stones (quivered)
Armour
 s - a +0 leather armour (worn)
Jewellery
 l - a ring of resist corrosion (left hand)
 n - a +4 ring of evasion
Scrolls
 d - 3 scrolls of teleportation {unknown}
 e - a scroll of identify
 h - 2 scrolls of enchant armour {unknown}
 o - a scroll of remove curse {unknown}
 p - a scroll of fear {unknown}
Potions
 f - 3 potions of curing
 g - a potion of stabbing
 k - a potion of lignification
 m - a potion of brilliance
 r - a potion of might
Comestibles
 c - 5 rations


   Skills:
 - Level 3.0 Fighting
 - Level 4.0 Short Blades
 + Level 2.8 Dodging
 - Level 2.1 Stealth
 - Level 2.0 Spellcasting
 - Level 1.6 Conjurations
 - Level 4.1 Air Magic


You had 5 spell levels left.
You knew the following spells:

 Your Spells              Type           Power        Failure   Level  Hunger
a - Swiftness             Chrm/Air       #.......     21%         2    ###....
Q - Shock                 Conj/Air       ##..         10%         1    #......

Your spell library contained the following spells:

 Spells                   Type           Power        Failure   Level  Hunger
 Static Discharge         Conj/Air       ##......     28%         3    ###....
 Airstrike                Air            ##........   50%         4    #####..
 Lightning Bolt           Conj/Air       ##........   95%         5    ######.


Dungeon Overview and Level Annotations

Branches:
Dungeon (4/15)
 Temple: D:4-7

Altars:
Kikubaaqudgha
Ru


Innate Abilities, Weirdness & Mutations

You have a beak for a mouth.
You have claws for feet.
You can fly continuously.


Message History

You take 14 damage, and have 18/32 hp.
MASSIVE DAMAGE!!
You now have 6/9 mp.
Casting: Shock (safe; 10% risk of failure)
Confirm with . or Enter, or press ? or * to list all spells.
Aiming: Shock (safe; 10% risk of failure)
Press: ? - help, Shift-Dir - straight line The zap hits the ogre.
The ogre is severely wounded.
The zap misses the ogre.
You now have 5/9 mp.
Casting: Shock (safe; 10% risk of failure)
Confirm with . or Enter, or press ? or * to list all spells.
Aiming: Shock (safe; 10% risk of failure)
Press: ? - help, Shift-Dir - straight line The zap hits the ogre.
The ogre is severely wounded.
The zap hits the ogre.
The ogre is severely wounded.
The ogre hits you with a +0 giant spiked club!!
Ouch! That really hurt!
You die...

(.(....#!##..
.......#.##..
.......#.##.#
.......?.##.#
.........##.#
##.#####.##.#
#.##<# #O##=#
#.@..#######
#.###......#
...# #.####.#
##### #.# #.#
#.# #.# #..
...


You could see an ogre.

Vanquished Creatures
  A hound (D:3)
  Terence (D:2)
  7 adders
  3 worms (D:3)
  A dart slug (D:1)
  A leopard gecko (D:4)
  An orc (D:3)
  2 giant cockroaches
  13 goblins
  7 hobgoblins
  3 jackals (D:2)
  A quokka (D:2)
  4 ball pythons
  10 bats
  4 frilled lizards
  7 kobolds
  6 rats
72 creatures vanquished.

Notes
Turn   | Place    | Note
-------+----------+-------------------------------------------
     0 | D:1      | Helmschank the Tengu Air Elementalist began the quest for
                  | the Orb.
     0 | D:1      | Reached XP level 1. HP: 10/10 MP: 4/4
   183 | D:1      | Reached XP level 2. HP: 9/15 MP: 0/6
   251 | D:1      | Reached skill level 1 in Short Blades
  1333 | D:2      | Reached XP level 3. HP: 17/20 MP: 1/7
  1416 | D:2      | Reached skill level 1 in Fighting
  1693 | D:2      | Reached XP level 4. HP: 8/26 MP: 0/8
  2557 | D:2      | Noticed Terence
  2579 | D:2      | Killed Terence
  3010 | D:3      | Gained mutation: You can fly continuously. [Tengu growth]
  3010 | D:3      | Reached XP level 5. HP: 27/30 MP: 6/9
  3314 | D:3      | Found an ancient bone altar of Kikubaaqudgha.
  3926 | D:3      | Learned a level 2 spell: Swiftness
  4263 | D:3      | Found a sacrificial altar of Ru.
  4557 | D:4      | Noticed an ogre
  4569 | D:4      | Demolished by an ogre

Illustrated notes

Levels and vault maps discovered:
D:1:      dpeg_arrival_shrine, layout_basic
D:2:      layout_loops_ring, first_ration, uniq_terence
D:3:      layout_basic, nicolae_ru_path_of_blood, lemuel_doored_altar
D:4:      layout_loops_cross, kennysheep_mini, serial_shops, shop

Skill      XL: |  1  2  3  4  5 |
---------------+----------------+-----
Short Blades   | 2 3 4 |  4.0
Fighting       | 2 3 |  3.0
Dodging        | |  2.8
Stealth        | |  2.1
Spellcasting   | |  2.0
Conjurations   | |  1.6
Air Magic      | |  4.1

Action                   |  1- 3 |  4- 6 || total
-------------------------+-------+-------++-------
Melee: Short sword       |     8 |     1 ||     9
       Kick              |     3 |     9 ||    12
       Peck              |     2 |     2 ||     4
       Dagger            |       |    17 ||    17
Throw: Stone             |       |    16 ||    16
 Cast: Shock             |    69 |   106 ||   175
 Abil: Fly               |       |     1 ||     1
  Use: Scroll            |       |     7 ||     7
 Stab: Sleeping          |       |     1 ||     1
  Eat: Chunk             |     2 |     9 ||    11
       Ration            |       |     1 ||     1
Armor: Robe              |     6 |     3 ||     9
       Leather armour    |       |     1 ||     1
Dodge: Dodged            |    32 |    42 ||    74
